 Dungeon Crawl Stone Soup version 0.30-a0-879-ga8ba668304 (webtiles) character file.

Game seed: 17609370180936944135

92444 iguanaiguana the Fighter (level 15, -2/157 HPs)
             Began as an Armataur Ice Elementalist on Mar 11, 2023.
             Was an Elder of Ashenzari.
             Slain by a faun
             ... wielding a +0 quarterstaff
              (7 damage)
             ... on level 1 of the Shoals on Mar 14, 2023.
             The game lasted 02:12:10 (13053 turns).

iguanaiguana the Fighter (AtIE)                    Turns: 13053, Time: 02:12:11

Health: -2/157     AC: 13    Str: 14    XL:     15   Next: 57%
Magic:  27/35      EV: 15    Int: 26    God:    Ashenzari [****..]
Gold:   1855       SH: 10    Dex: 11    Spells: 27/46 levels left

rFire   + + +      SeeInvis +    z - +5 flail of Ashenzari's Oblivion {flame, rF+ rC+ Dex-2, Elem, Alch} (curse)
rCold   + + .      Faith    .    W - +0 kite shield "Eternal Irritation" {Bglg, Melee} (curse)
rNeg    . . .      Spirit   .    S - +0 troll leather armour of the Omniscient Urgency {Regen+, Comp, Cun} (curse)
rPois   .          Reflect  .    O - +2 helmet of Ashenzari's Scepticism {Self, Fort} (curse)
rElec   .          Roll     +    N - +2 cloak of the Restrained Augur {Self, Elem} (curse)
rCorr   +          Clarity  +    H - +0 pair of gloves of the Sidereal Augur {rF++ rCorr Int+3, Alch, Comp} (curse)
Will    .....                    (no barding)
Stlth   ++                       k - amulet "Labuepty" {RegenMP rF+ Dex+3 SInv}
HPRegen 1.26/turn                s - ring "Circumscribed Together" {EV+5, Cun, Bglg} (curse)
MPRegen 0.64/turn                i - ring of ice

@: weak-willed
A: large, rugged brown scales 3, deformed body, armoured tail, roll, long
tongue, awkward tongue
a: Renounce Religion, Curse Item, Shatter the Chains


You were on level 1 of the Shoals.
You worshipped Ashenzari.
Ashenzari was greatly pleased with you.
You visited 5 branches of the dungeon, and saw 24 of its levels.
You visited the Abyss 1 time.

You collected 2735 gold pieces.
You spent 880 gold pieces at shops.

Inventory:

Hand Weapons
 z - the cursed +5 flail of Ashenzari's Oblivion (weapon) {flame, rF+ rC+ Dex-2, Elem, Alch}
   (You found it on level 2 of the Lair of Beasts)

   Dex:       It affects your dexterity (-2).
   rF:        It protects you from fire.
   rC:        It protects you from cold.
   It has a curse which improves the following skills: Elements: Fire Magic, Ice
   Magic, Air Magic and Earth Magic.
   Alchemy:   Poison Magic and Transmutations.
Missiles
 h - 30 poisoned darts (quivered)
 o - 5 javelins
 r - 11 boomerangs
 y - 3 silver boomerangs
 P - 9 curare-tipped darts
Armour
 m - a +2 robe of the Archmagi
 D - a +0 troll leather armour
 H - the cursed +0 pair of gloves of the Sidereal Augur (worn) {rF++ rCorr Int+3, Alch, Comp}
   (You found it on level 3 of the Dungeon)

   Int:       It affects your intelligence (+3).
   rF:        It greatly protects you from fire.
   rCorr:     It protects you from acid and corrosion.
   It has a curse which improves the following skills: Alchemy: Poison Magic and
   Transmutations.
   Companions: Summonings and Necromancy.
 N - the cursed +2 cloak of the Restrained Augur (worn) {Self, Elem}
   (You bought it in a shop on level 8 of the Dungeon)

   It has a curse which improves the following skills: Introspection: Fighting
   and Spellcasting.
   Elements:  Fire Magic, Ice Magic, Air Magic and Earth Magic.
 O - the cursed +2 helmet of Ashenzari's Scepticism (worn) {Self, Fort}
   (You found it on level 9 of the Dungeon)

   It has a curse which improves the following skills: Introspection: Fighting
   and Spellcasting.
   Fortitude: Armour and Shields.
 S - the cursed +0 troll leather armour of the Omniscient Urgency (worn) {Regen+, Comp, Cun}
   (You found it on level 11 of the Dungeon)

   Regen:     It increases your rate of health regeneration.
   It has a curse which improves the following skills: Companions: Summonings
   and Necromancy.
   Cunning:   Dodging and Stealth.
 W - the cursed +0 kite shield "Eternal Irritation" (worn) {Bglg, Melee}
   (You took it off a vault guard on level 13 of the Dungeon)

   It has a curse which improves the following skills: Beguiling: Conjurations,
   Hexes and Translocations.
   Melee Combat: Short Blades, Long Blades, Axes, Maces & Flails, Polearms,
   Staves and Unarmed Combat.
Jewellery
 i - a ring of ice (right hand)
 k - the amulet "Labuepty" (around neck) {RegenMP rF+ Dex+3 SInv}
   (You bought it in a shop on level 2 of the Orcish Mines)

   [amulet of magic regeneration]

   It increases your rate of magic regeneration.
   Dex:       It affects your dexterity (+3).
   rF:        It protects you from fire.
   SInv:      It lets you see invisible.
 s - the cursed ring "Circumscribed Together" (left hand) {EV+5, Cun, Bglg}
   (You found it on level 3 of the Dungeon)

   [ring of evasion]

   EV:        It affects your evasion (+5).
   It has a curse which improves the following skills: Cunning: Dodging and
   Stealth.
   Beguiling: Conjurations, Hexes and Translocations.
 J - a ring of fire
 L - a ring of positive energy
Wands
 j - a wand of paralysis (20)
 v - a wand of mindburst (10)
 C - a wand of polymorph (18)
 K - a wand of flame (6)
 R - a wand of digging (3) {@v3}
Scrolls
 a - 2 scrolls of enchant armour
 c - 4 scrolls of fog
 g - 2 scrolls of poison
 l - 3 scrolls of immolation
 n - 5 scrolls of vulnerability
 p - a scroll of summoning
 t - 3 scrolls of magic mapping {@r5}
 x - a scroll of blinking {@r4}
 E - 3 scrolls of fear
 G - 5 scrolls of amnesia
 M - 7 scrolls of teleportation {@r3}
 Q - a scroll of brand weapon
 T - a scroll of silence
Potions
 b - 3 potions of magic
 d - 2 potions of haste {@q4}
 e - 4 potions of flight
 f - 3 potions of might {@q3}
 q - 3 potions of brilliance
 u - 3 potions of attraction
 w - a potion of resistance {@q5}
 A - 3 potions of heal wounds {@q2}
 B - a potion of curing {@q1}
 F - 5 potions of mutation
 I - a potion of ambrosia
 U - 2 potions of invisibility
 X - a potion of berserk rage
 Y - 2 potions of cancellation
 Z - a potion of lignification
Miscellaneous
 V - a phantom mirror (inert)


   Skills:
 - Level 14.2(17.0) Fighting
 - Level 2.2(3.7) Short Blades
 - Level 4.2(6.0) Maces & Flails
 - Level 4.9 Throwing
 - Level 2.9(4.6) Armour
 - Level 3.2(5.8) Dodging
 - Level 2.1(4.3) Stealth
 - Level 6.0(8.0) Shields
 - Level 13.5(16.4) Spellcasting
 - Level 5.4(8.3) Conjurations
 - Level 6.1(9.1) Summonings
 + Level 3.4(6.0) Translocations
 - Level 4.9(7.8) Fire Magic
 - Level 7.7(10.7) Ice Magic
 - Level 5.0 Evocations


You had 27 spell levels left.
You knew the following spells:

 Your Spells              Type           Power      Damage    Failure   Level
a - Freeze                Ice            100%       1d10      1%          1
b - Frozen Ramparts       Ice            100%       1d16      1%          3
c - Ozocubu's Armour      Ice            86%        N/A       1%          3
d - Summon Ice Beast      Ice/Summ       83%        N/A       1%          4
e - Flame Wave            Conj/Fire      59%        2d14      1%          4
f - Sticky Flame          Conj/Fire      59%        2d7       1%          4

Your spell library contained the following spells:

 Spells                   Type           Power      Damage    Failure   Level
 Lesser Beckoning         Tloc           100%       N/A       1%          2
 Gell's Gravitas          Tloc           52%        N/A       1%          3
 Teleport Other           Tloc           52%        N/A       1%          3
 Inner Flame              Hex/Fire       42%        N/A       3%          3
 Portal Projectile        Hex/Tloc       76%        N/A       4%          3
 Passage of Golubria      Tloc           52%        N/A       4%          4
 Ice Form                 Ice/Tmut       66%        N/A       6%          4
 Tukima's Dance           Hex            23%        N/A       16%         3
 Blade Hands              Tmut           11%        N/A       80%         5
 Silence                  Hex/Air        11%        N/A       80%         5
 Borgnjor's Revivificati  Necr           11%        N/A       100%        8
 Lehudib's Crystal Spear  Conj/Erth      22%        10d6      100%        8
 Necromutation            Tmut/Necr      11%        N/A       100%        8
 Death's Door             Necr           11%        N/A       100%        9


Dungeon Overview and Level Annotations

Branches:
Dungeon (15/15) Zot: 25620  Temple (1/1) D:6 Zot: 5890    Lair (5/5) D:10 Zot: 25671
 Shoals (1/4) Lair:2 Zot: 5933  Spider (0/4) Lair:3        Slime (0/5) Lair:5
    Orc (2/2) D:11 Zot: 10720     Elf (0/3) Orc:2        Vaults (0/5) D:13
 Depths (0/4) D:15

Altars:
Ashenzari
Cheibriados
Elyvilon
Gozag
Kikubaaqudgha
Makhleb
Nemelex Xobeh
Okawaru
Qazlal
Ru
Trog
Uskayaw
Vehumet
Wu Jian
Xom
Yredelemnul
Zin
The Shining One
Jiyva

Shops:
D:4 *   D:6 *   D:8 *   D:11 (   Orc:1 *   Orc:2 [==(


Innate Abilities, Weirdness & Mutations

You are completely covered in rugged brown scales. (AC +3, +7% HP)
Armour fits poorly on your strangely shaped body.
You have a long armoured tail.
You roll when moving toward enemies. (Rampage)
Your long tongue fully drains potion bottles. (2x potion effects)
Your tongue gives you trouble enunciating. (1.5x scroll delay)


Message History

The flame wave engulfs the faun!
The faun is moderately wounded. (Press . to intensify the flame waves.)
The faun unwields a +0 sling.
The faun wields a +0 club.
The faun points at you and mumbles some strange words.
Your willpower is stripped away!
The faun hits you with a +0 quarterstaff!
* * * LOW HITPOINT WARNING * * *
A wave of flame ripples out!
The flame wave engulfs the faun!
The faun is heavily wounded.
The flame wave engulfs the faun!
The faun is heavily wounded.
The flame wave engulfs the faun!!
The faun is severely wounded.
The flame wave engulfs the plant!
The plant begins to die.
The plant is lightly damaged.
You hear a shout! x2
The faun shoots a sling bullet.
The faun hits you with a +0 club.
* * * LOW HITPOINT WARNING * * *
The faun hits you with a +0 quarterstaff!!
* * * LOW HITPOINT WARNING * * *
A wave of flame ripples out!
The flame wave engulfs the faun!!
The faun is almost dead.
The flame wave engulfs the faun!
The faun is almost dead.
The flame wave engulfs the faun!!
You kill the faun!
The flame wave engulfs the plant!
The plant is lightly damaged.
The flame wave engulfs the plant.
The plant begins to die.
The plant is lightly damaged.
The flame wave engulfs the faun!!
The faun is severely wounded.
The flame wave engulfs the plant!
The plant begins to die.
The plant is lightly damaged.
You finish channelling waves of flame.
The faun shoots a sling bullet.
The sling bullet hits you!
* * * LOW HITPOINT WARNING * * *
The faun hits you with a +0 quarterstaff!
You die...

, , , ..PPP..~.~PP~.)†.##
##... ,, ,
,..........~~.)#### *##..
, .P.~~P...P~...##***
,,... , ,
..P~~....P~......... ....
..P~~.................{..
~ ,,
,..~~~E.Pc.P..............
,
..~~P....................
, ,,
~~~..........##...##.....
~~ ~~~~..>.@.P..#,....#,
,, ~.~~...cc).......... ,,
~ ~~~~............ , ~ ~
~~~~..§.........., ,
~~~~~~~~.......#†.,, ,
~~~~ ~≈≈~~~.......##. ,
~~~ ~ ~≈≈≈~~........ ,,,,
, , ~ ~ ≈≈~........... ,,
, ~ ~~ ~~ , ,,,,,,, ,, ,


You could see 3 fauns and a water elemental.

Vanquished Creatures
  Saint Roka (Orc:1)
  Rupert (D:15)
  Frances (D:13)
  A very ugly thing (D:15)
  Josephine (Lair:3)
  A merfolk javelineer (Shoals:1)
  Erolcha (D:11)
  4 centaur warriors
  3 hydras (D:13)
  4 vault guards (D:13)
  Erica (D:11)
  4 boulder beetles
  3 death yaks (Lair:5)
  4 tengu warriors (D:15)
  3 two-headed ogres
  Urug (Orc:1)
  2 orc high priests
  3 skysharks (Lair:5)
  A flayed ghost (D:9)
  A glowing orange brain (D:15)
  A wizard (D:15)
  A swamp dragon (Lair:5)
  3 orc knights (Orc:2)
  A wolf spider (Lair:5)
  3 deep elf pyromancers
  2 harpies (Shoals:1)
  A mana viper (Orc:2)
  5 ugly things
  A faun (Shoals:1)
  3 orc sorcerers (Orc:2)
  A salamander (shapeshifter) (D:14)
  3 manticores
  5 cyclopes
  9 black mambas
  A guardian serpent (Lair:5)
  5 cane toads (Lair:5)
  An unseen horror (D:11)
  4 komodo dragons
  4 rime drakes
  A freezing wraith (D:14)
  A wind drake (Lair:2)
  A polar bear (Lair:2)
  A troll (D:12)
  A meliai (shapeshifter) (D:14)
  3 hornets
  2 dream sheep (Lair:3)
  A hornet (shapeshifter) (D:14)
  8 blink frogs
  A dream sheep (shapeshifter) (D:15)
  6 slime creatures
  2 shadows
  A culicivora (D:15)
  A basilisk (shapeshifter) (D:14)
  7 wyverns
  50 yaks
  A fire bat (D:9)
  6 wraiths
  6 vampire mosquitoes
  4 redbacks
  5 steam dragons
  4 acid dragons
  21 water moccasins
  17 orc warriors
  A swamp drake (Lair:5)
  2 ice beasts
  3 sky beasts
  A black bear (Lair:3)
  3 boggarts
  11 ogres
  5 wolves (Lair:5)
  5 centaurs
  3 kobold brigands
  8 bullfrogs
  A gnoll sergeant (D:9)
  2 scorpions
  9 wights
  2 howler monkeys
  An electric eel (D:11)
  14 orc priests
  A hound (D:4)
  A sleepcap (D:6)
  Jessica (D:2)
  25 orc wizards
  Terence (D:2)
  4 iguanas
  An iguana (shapeshifter) (D:13)
  3 gnolls (D:9)
  9 adders
  An ufetubus (D:5)
  A worm (D:4)
  4 dart slugs
  66 orcs
  5 ball pythons
  7 endoplasms
  2 giant cockroaches
  8 goblins
  9 hobgoblins
  12 jackals
  3 quokkas
  10 bats (D:9)
  3 frilled lizards
  14 kobolds
  5 rats
513 creatures vanquished.

Vanquished Creatures (collateral kills)
  Snorg (Orc:1)
  A fire dragon (Lair:5)
  A rakshasa (D:15)
  A centaur warrior (D:13)
  A boulder beetle (Lair:4)
  2 two-headed ogres
  2 orc high priests (Orc:2)
  2 death yaks (Lair:5)
  Sonja (D:11)
  Lodul (D:13)
  An orc sorcerer (Orc:2)
  An ugly thing (D:15)
  A deep elf pyromancer (D:12)
  3 manticores
  4 cyclopes
  A torpor snail (Lair:3)
  A gargoyle (D:12)
  A kobold demonologist (D:14)
  A komodo dragon (D:10)
  A rime drake (Lair:5)
  2 cane toads
  3 merfolk (Shoals:1)
  2 tengu conjurers (D:15)
  A troll (D:11)
  2 blink frogs (Lair:3)
  A blink frog (shapeshifter) (D:15)
  A jumping spider (Lair:3)
  2 wraiths (Lair:3)
  5 wyverns (Lair:5)
  A shadow (D:11)
  3 basilisks
  8 yaks
  2 vampire mosquitoes (D:14)
  2 redbacks
  3 water moccasins
  6 orc warriors
  A black bear (D:10)
  A swamp drake (Lair:5)
  7 ogres
  2 wights
  A lava snake (Lair:5)
  4 orc priests
  An iguana (Lair:5)
  6 orc wizards (Orc:2)
  6 orcs
  A kobold (D:9)
102 creatures vanquished.

Vanquished Creatures (others)
  A harpy (Shoals:1)
  An orc knight (Orc:2)
  An orc wizard (Orc:1)
  24 fungi
  51 plants
78 creatures vanquished.

Grand Total: 693 creatures vanquished

Notes
Turn   | Place    | Note
-------+----------+-------------------------------------------
     0 | D:1      | iguanaiguana the Armataur Ice Elementalist began the quest
                  | for the Orb.
     0 | D:1      | Reached XP level 1. HP: 14/14 MP: 3/3
   123 | D:2      | Reached XP level 2. HP: 7/21 MP: 0/5
   235 | D:1      | Noticed a great orb of eyes
   238 | D:1      | Found a faded altar of an unknown god.
   239 | D:1      | Noticed a floating eye
   239 | D:1      | Noticed a golden eye
   239 | D:1      | Noticed an eye of devastation
   441 | D:2      | Reached XP level 3. HP: 27/27 MP: 6/6
   534 | D:2      | Learned a level 3 spell: Frozen Ramparts
   542 | D:2      | Noticed Jessica
   553 | D:2      | Killed Jessica
   554 | D:2      | Reached skill level 5 in Ice Magic
   554 | D:2      | Reached XP level 4. HP: 25/35 MP: 1/7
   791 | D:2      | Noticed Terence
   805 | D:2      | Killed Terence
   911 | D:4      | Reached XP level 5. HP: 35/40 MP: 4/8
   915 | D:4      | Learned a level 3 spell: Ozocubu's Armour
   930 | D:4      | Noticed an ogre
   947 | D:4      | Killed an ogre
  1058 | D:4      | Reached XP level 6. HP: 48/48 MP: 6/9
  1102 | D:5      | Entered Level 5 of the Dungeon
  1203 | D:6      | Found a hide-covered altar of Uskayaw.
  1360 | D:4      | Found Heithuy's Assorted Antiques.
  1365 | D:4      | Bought a silvery potion for 21 gold pieces
  1365 | D:4      | Bought a puce potion for 21 gold pieces
  1376 | D:4      | Reached XP level 7. HP: 53/53 MP: 4/12
  1422 | D:4      | Found a sacrificial altar of Ru.
  1430 | D:4      | Found an iron altar of Okawaru.
  1656 | D:5      | Reached skill level 1 in Summonings
  1661 | D:5      | Learned a level 4 spell: Summon Ice Beast
  1796 | D:7      | Noticed a hornet
  1804 | D:7      | Killed a hornet
  1805 | D:7      | Reached XP level 8. HP: 43/60 MP: 1/14
  1844 | D:7      | Reached skill level 5 in Summonings
  1986 | D:6      | Reached skill level 5 in Spellcasting
  1996 | D:6      | Found an opulent altar of Gozag.
  1998 | D:6      | Found Gozag's Platinum Reserve.
  2317 | D:6      | Found a staircase to the Ecumenical Temple.
  2323 | Temple   | Entered the Ecumenical Temple
  2416 | Temple   | Became a worshipper of Ashenzari the Shackled
  2488 | D:7      | Reached XP level 9. HP: 66/66 MP: 12/18
  2523 | D:7      | Found a bloodstained altar of Trog.
  2575 | D:7      | Found a basalt altar of Yredelemnul.
  2835 | D:8      | Identified the +1 chain mail of the Stone Wall {+Blink
                  | rN++}
  3116 | D:9      | Found a shimmering altar of Xom.
  3116 | D:9      | Noticed an angel
  3117 | D:9      | Found a glowing silver altar of Zin.
  3165 | D:9      | Reached skill level 1 in Short Blades
  3194 | D:9      | Found a radiant altar of Vehumet.
  3214 | D:9      | Reached * piety under Ashenzari
  3379 | D:9      | Noticed a two-headed ogre
  3393 | D:9      | Killed a two-headed ogre
  3394 | D:9      | Reached skill level 1 in Fighting
  3505 | D:9      | Upgraded the game from 0.30-a0-867-g305f33218d to
                  | 0.30-a0-870-gc5d4c5acee
  3518 | D:10     | Entered Level 10 of the Dungeon
  3522 | D:10     | Noticed a komodo dragon
  3528 | D:10     | Reached skill level 2 in Fighting
  3532 | D:10     | Killed a komodo dragon
  3533 | D:10     | Reached skill level 3 in Fighting
  3536 | D:10     | Reached XP level 10. HP: 84/84 MP: 13/22
  3552 | D:10     | Reached skill level 4 in Fighting
  3560 | D:10     | Found a staircase to the Lair.
  3716 | D:11     | Noticed a cyclops
  3729 | D:11     | Reached skill level 5 in Fighting
  3736 | D:11     | Noticed a cyclops
  3740 | D:11     | Noticed Erolcha
  3746 | D:11     | Killed a cyclops
  3746 | D:11     | Killed a cyclops
  3747 | D:11     | Noticed a cyclops
  3747 | D:11     | Killed Erolcha
  3749 | D:11     | Noticed a cyclops
  3751 | D:11     | Killed a cyclops
  3753 | D:11     | Killed a cyclops
  3775 | D:11     | Noticed Erica
  3785 | D:11     | Killed Erica
  3786 | D:11     | Reached XP level 11. HP: 75/97 MP: 2/25
  3786 | D:11     | Reached ** piety under Ashenzari
  3858 | D:10     | Identified the +0 scale mail "Kyevox" {Int+4}
  3882 | D:10     | Reached skill level 6 in Fighting
  3996 | D:11     | Reached skill level 7 in Fighting
  4005 | D:11     | Noticed Sonja
  4011 | D:11     | Killed Sonja
  4104 | D:11     | Found Opiakh's Weapon Emporium.
  4104 | D:11     | Noticed a purple ugly thing
  4104 | D:11     | Noticed a two-headed ogre
  4119 | D:11     | Killed a purple ugly thing
  4120 | D:11     | Reached skill level 1 in Evocations
  4122 | D:11     | Killed a two-headed ogre
  4167 | D:11     | Found a staircase to the Orcish Mines.
  4255 | Orc:1    | Entered Level 1 of the Orcish Mines
  4266 | Orc:1    | Noticed an orc high priest
  4266 | Orc:1    | Noticed Urug
  4284 | Orc:1    | Noticed a soul eater
  4288 | Orc:1    | Killed an orc high priest
  4289 | Orc:1    | Reached skill level 5 in Evocations
  4289 | Orc:1    | Killed Urug
  4290 | Orc:1    | Reached skill level 8 in Fighting
  4296 | Orc:1    | Noticed Snorg
  4325 | Orc:1    | Killed Snorg
  4389 | Orc:1    | Identified the cursed +2 pair of gloves "Visionary Foul
                  | Odours" {Elem, Evo} (You found it on level 1 of the
                  | Dungeon)
  4452 | Orc:1    | Reached skill level 9 in Fighting
  4507 | Orc:1    | Noticed a two-headed ogre
  4518 | Orc:1    | Killed a two-headed ogre
  4519 | Orc:1    | Reached XP level 12. HP: 93/114 MP: 10/26
  4617 | Orc:1    | Found Wefeulom's General Store.
  4696 | Orc:2    | Entered Level 2 of the Orcish Mines
  4779 | Orc:2    | Noticed Saint Roka
  4816 | Orc:1    | Bought a scroll of fear for 64 gold pieces
  4816 | Orc:1    | Bought a scroll of teleportation for 48 gold pieces
  4936 | Lair:1   | Entered Level 1 of the Lair of Beasts
  4983 | Lair:1   | Reached skill level 10 in Fighting
  5319 | Lair:2   | Found a staircase to the Shoals.
  5559 | Lair:3   | Reached skill level 1 in Armour
  5604 | Lair:2   | Identified the +5 flail "Nownotwija" {flame, rF+ rC+ Dex-2}
  5683 | Lair:2   | Upgraded the game from 0.30-a0-870-gc5d4c5acee to
                  | 0.30-a0-879-ga8ba668304
  6070 | D:3      | Found a snail-covered altar of Cheibriados.
  6136 | D:3      | Identified the +4 ring mail of Feasting {rPois Will+}
  6138 | D:3      | Identified the +0 pair of gloves of Gehenna {rF++ rCorr
                  | Int+3}
  6915 | D:8      | Reached skill level 10 in Spellcasting
  7112 | D:8      | Noticed a two-headed ogre
  7119 | D:8      | Killed a two-headed ogre
  7165 | D:8      | Found Nogroten's Neck Hole.
  7173 | D:8      | Bought a +2 cloak for 181 gold pieces
  7428 | D:9      | Found a shimmering altar of Xom.
  7509 | D:9      | Found a radiant altar of Vehumet.
  7518 | D:9      | Found a basalt altar of Yredelemnul.
  7533 | D:9      | Found a runed translucent door.
  7540 | D:9      | Identified the amulet "Somuttio" {Spirit rC+ Dex+3 SInv}
  7564 | D:9      | Found a glowing golden altar of the Shining One.
  7573 | D:9      | Found a stormy altar of Qazlal.
  7582 | D:9      | Found a burning altar of Makhleb.
  7670 | D:10     | Reached XP level 13. HP: 127/127 MP: 27/30
  7914 | D:13     | Noticed Lodul
  7922 | D:13     | Killed Lodul
  7960 | D:13     | Found a gate to the Vaults.
  8055 | D:13     | Reached *** piety under Ashenzari
  8071 | D:13     | Reached skill level 1 in Shields
  8513 | D:13     | Found a transporter.
  8514 | D:13     | Found a transporter.
  8628 | Abyss:3  | Cast into level 3 of the Abyss (tengu warrior)
  8638 | Abyss:3  | Noticed a starcursed mass
  8644 | Abyss:3  | Found a corrupted altar of Lugonu.
  8654 | Abyss:4  | Found a corrupted altar of Lugonu.
  8665 | D:13     | Escaped the Abyss
  8713 | D:13     | Noticed Frances
  8766 | D:13     | Killed Frances
  8866 | D:14     | Reached **** piety under Ashenzari
  8941 | D:14     | Reached skill level 5 in Shields
  9051 | D:15     | Entered Level 15 of the Dungeon
  9300 | D:14     | Reached skill level 11 in Fighting
  9391 | D:14     | Paralysed by a hornet for 1 turns
  9392 | D:14     | Reached XP level 14. HP: 128/144 MP: 26/35
  9573 | D:15     | Reached skill level 12 in Fighting
  9596 | D:15     | Noticed a red very ugly thing
  9658 | D:15     | Killed a purple very ugly thing
  9725 | D:15     | Found a staircase to the Depths.
  9819 | D:15     | Noticed Rupert
  9827 | D:15     | Killed Rupert
  9938 | D:15     | Reached skill level 13 in Fighting
 10339 | Orc:1    | Killed Saint Roka
 10409 | Orc:2    | Found a staircase to the Elven Halls.
 10501 | Orc:2    | Paralysed by an orc sorcerer for 4 turns
 10527 | Orc:2    | Reached skill level 14 in Fighting
 10845 | Orc:2    | Found Ownim's Antique Weapon Emporium.
 10845 | Orc:2    | Found Zuirchuh's Antique Armour Boutique.
 10846 | Orc:2    | Found Deukekora's Jewellery Boutique.
 10846 | Orc:2    | Found Kuplucw's Jewellery Emporium.
 10862 | Orc:2    | Bought the amulet "Labuepty" {RegenMP rF+ Dex+3 SInv} for
                  | 545 gold pieces
 11348 | Lair:3   | Reached skill level 1 in Conjurations
 11348 | Lair:3   | Reached skill level 1 in Fire Magic
 11387 | Lair:3   | Found a hole to the Spider Nest.
 11424 | Lair:3   | Reached skill level 1 in Maces & Flails
 11610 | Lair:4   | Noticed Josephine
 11626 | Lair:3   | Killed Josephine
 11693 | Lair:5   | Entered Level 5 of the Lair of Beasts
 11741 | Lair:5   | Identified the +4 ring mail of Ucros Onofa {rC+ rN+ Int+2}
 11744 | Lair:5   | Found a staircase to the Slime Pits.
 11745 | Lair:5   | Found a viscous altar of Jiyva.
 11759 | Lair:5   | Reached XP level 15. HP: 128/157 MP: 32/35
 11938 | Lair:5   | Learned a level 4 spell: Flame Wave
 11943 | Lair:5   | Learned a level 4 spell: Sticky Flame
 11979 | Lair:5   | Identified the +5 plate armour "Zisutsir" {-Cast +Inv rC++
                  | Regen+}
 12463 | Lair:5   | Reached skill level 5 in Conjurations
 12835 | Lair:4   | Reached skill level 1 in Translocations
 12987 | Shoals:1 | Entered Level 1 of the Shoals
 13053 | Shoals:1 | HP: 5/157 [faun/sling bullet (7)]
 13053 | Shoals:1 | Slain by a faun

Illustrated notes

Levels and vault maps discovered:
D:1:      onia_arrival_pyramid, layout_loops_ring,
          hellmonk_ecumenical_altar_watching_god, minmay_distorted
D:2:      layout_loops_corners, serial_park_tiny_pond, minmay_between,
          uniq_terence, uniq_jessica
D:3:      layout_rooms, lemuel_coloured_pillars_altar
D:4:      old_forge, layout_layer_cave, mainiacjoe_overflow_big_doors,
          serial_shops, nicolae_shop_hallway_plus
D:5:      layout_loops_ring, bh_walls_and_bars
D:6:      layout_basic, nicolae_gozag_zags_fifth_avenue,
          mainiacjoe_overflow_tiny_flanked, worldfamousw_hep_ancestral_shrine,
          minmay_temple_entry_enclosed_plants
D:7:      layout_rooms, mainiacjoe_overflow_alcove_4,
          lemuel_mausoleum_altar_yredelemnul
D:8:      layout_basic, nicolae_shop_sticking_my_neck_out
D:9:      due_megacathedral, layout_loops_ring,
          grunt_temple_overflow_order_and_chaos_1, overflow_temple_1_default,
          minivault_10
D:10:     layout_loops_ring, due_lair_maze_entry_diamond, minmay_strange_pillars
D:11:     argonaut_augean_stables, layout_cave_pools, orc_david_3,
          minmay_fractal_squares_5, uniq_sonja, uniq_erolcha, uniq_erica
D:12:     layout_rooms, chequers_decorated_corner
D:13:     gammafunk_boulding_lane, layout_basic,
          lightli_vaults_fourway_checkpoint, uniq_lodul, uniq_frances
D:14:     layout_loops_cross, serial_glass, glass_columns_b, glass_columns_a
D:15:     gammafunk_enter_depths_forms, layout_long_grid, serial_park_tiny_1,
          minivault_24, uniq_rupert
Temple:   pf_slime_end_temple
Lair:1:   layout_chaotic_city, grunt_megastairs_5, uniq_nergalle
Lair:2:   layout_regular_city, minmay_shoals_entry_beasts
Lair:3:   layout_cave_shapes, spider_nest_entry_a
Lair:4:   layout_cave_pods, lemuel_fruit_tree, serial_bayou_shore_a,
          uniq_josephine
Lair:5:   guppyfry_lair_end_dragon, layout_gridlike,
          hangedman_lair_tendril_chambers, slime_entry_1,
          infiniplex_staircase_pool_2
Shoals:1: nicolae_shoals_offshore_bank_account, layout_shoals, serial_shops,
          nicolae_shop_bloodbath_and_beyond
Orc:1:    layout_caves, serial_shops, nicolae_shop_trees, uniq_snorg, uniq_urug
Orc:2:    grunt_orc_tribal_feast, layout_diamond_mine, uniq_saint_roka

Skill      XL: |  1  2  3  4  5  6  7  8  9 10 11 12 13 14 15 |
---------------+----------------------------------------------+-----
Spellcasting   | 2 3 4 6 8 9 11 13 | 13.5
Ice Magic      | 4 5 6 7 |  7.7
Summonings     | 4 5 6 |  6.1
Short Blades   | 2 |  2.2
Throwing       | 3 4 |  4.9
Fighting       | 3 5 9 10 11 14 | 14.2
Evocations     | 5 |  5.0
Armour         | 2 |  2.9
Shields        | 6 |  6.0
Dodging        | 3 |  3.2
Conjurations   | 1 5 |  5.4
Fire Magic     | 1 4 |  4.9
Maces & Flails | 3 4 |  4.2
Translocations | 3 |  3.4
Stealth        | |  2.1

Action                     |  1- 3 |  4- 6 |  7- 9 | 10-12 | 13-15 || total
---------------------------+-------+-------+-------+-------+-------++-------
  Melee: Unarmed           |     6 |       |       |       |       ||     6
         Tailslap          |     5 |     5 |    16 |    38 |    79 ||   143
         Punch             |     1 |       |     3 |     1 |       ||     5
         Dagger            |    22 |    45 |    91 |   115 |       ||   273
         Short sword       |     2 |       |       |       |       ||     2
         Flail             |       |       |       |   109 |   395 ||   504
  Throw: Dart              |       |     7 |     2 |     4 |    26 ||    39
   Cast: Freeze            |    29 |     2 |     2 |       |       ||    33
         Frozen Ramparts   |     1 |    12 |    29 |    68 |   105 ||   215
         Ozocubu's Armour  |       |     1 |    14 |    25 |    65 ||   105
         Summon Ice Beast  |       |       |    12 |    40 |    85 ||   137
         Sticky Flame      |       |       |       |       |     5 ||     5
         Flame Wave        |       |       |       |       |     3 ||     3
 Invoke: Curse Item        |       |       |     2 |     4 |     4 ||    10
         Shatter the Chain |       |       |       |     2 |     1 ||     3
  Evoke: Wand              |       |     1 |     2 |    12 |     7 ||    22
         Phantom mirror    |       |       |       |       |     3 ||     3
    Use: Scroll            |       |     5 |     6 |     9 |     4 ||    24
         Potion            |       |     1 |       |    10 |    11 ||    22
   Stab: Sleeping          |     6 |     1 |     2 |       |     1 ||    10
         Distracted        |       |       |     1 |     1 |     3 ||     5
         Invisible         |       |       |       |     1 |     2 ||     3
 Armour: Robe              |    21 |    17 |    65 |    86 |       ||   189
         Skin              |       |       |       |    12 |       ||    12
         Troll leather arm |       |       |       |    83 |   362 ||   445
  Dodge: Dodged            |    37 |    25 |   146 |   366 |   616 ||  1190
  Block: Kite shield       |       |       |       |       |   460 ||   460

Table legend: (Time is in decaauts)
 A = Elapsed time spent in this place.
 B = Non-inter-level travel time spent in this place.
 C = Inter-level travel time spent in this place.
 D = Time resting spent in this place.
 E = Time spent auto-exploring this place.
 F = Levels seen in this place.
 G = Mean time per level.
                   A        B        C        D        E       F      G
               +--------+--------+--------+--------+--------+-----+--------+
         Total |  13299 |  10942 |   2357 |    256 |      0 |  26 |  511.5 |
       Dungeon |   9019 |   7372 |   1647 |      0 |      0 |  15 |  601.3 |
        Temple |    109 |     94 |     15 |      0 |      0 |   1 |  109.0 |
          Lair |   2788 |   2390 |    398 |    228 |      0 |   5 |  557.6 |
        Shoals |     65 |     65 |      0 |      0 |      0 |   1 |   65.0 |
  Orcish Mines |   1279 |    983 |    296 |     28 |      0 |   2 |  639.5 |
         Abyss |     36 |     36 |      0 |      0 |      0 |   2 |   18.0 |
               +--------+--------+--------+--------+--------+-----+--------+

Top non-repeatable levels by time:
  Lair:5: 992 daAuts
     D:9: 860 daAuts
    D:15: 796 daAuts
  Lair:2: 787 daAuts
     D:4: 761 daAuts
     D:8: 738 daAuts
   Orc:2: 732 daAuts
    D:13: 716 daAuts
    D:11: 643 daAuts
     D:6: 571 daAuts
   Orc:1: 546 daAuts
     D:2: 545 daAuts
     D:7: 538 daAuts
    D:14: 526 daAuts
     D:1: 518 daAuts
